 Dungeon Crawl Stone Soup version 0.27-a0-1555-g0e7b3fb1d2 (webtiles) character file.

Game seed: 15301744338378313203

43 bilbop the Caller (level 3, -2/20 HPs)
             Began as a Kobold Summoner on July 15, 2021.
             Killed by divine providence
             ... invoked by an orc priest
              (11 damage)
             ... on level 2 of the Dungeon.
             The game lasted 00:08:22 (1842 turns).

bilbop the Caller (Kobold Summoner)                 Turns: 1842, Time: 00:08:23

Health: -2/20      AC:  5    Str:  5    XL:     3   Next: 82%
Magic:  3/7        EV: 15    Int: 17    God:
Gold:   51         SH:  0    Dex: 15    Spells: 4/7 levels left

rFire    . . .     SeeInvis .   a - +0 short sword
rCold    . . .     Faith    .   (shield restricted)
rNeg     . . .     Spirit   .   c - +0 robe
rPois    .         Reflect  .   (no helmet)
rElec    .         Harm     .   f - +2 cloak
rCorr    .         Rampage  .   (no gloves)
Will     .....                  (no boots)
Stlth    +++.......             (no amulet)
HPRegen  0.06/turn              (no ring)
MPRegen  0.10/turn              (no ring)

@: no status effects
A: small, no large weapons, nightstalker 3
a: no special abilities


You were on level 2 of the Dungeon.
You visited 1 branch of the dungeon, and saw 2 of its levels.

You collected 51 gold pieces.

Inventory:

Hand Weapons
 a - a +0 short sword (weapon)
Armour
 c - a +0 robe (worn)
 f - a +2 cloak (worn)
Scrolls
 d - a scroll of identify {unknown}
 e - 3 scrolls of teleportation {unknown}
Potions
 b - a potion of resistance {unknown}
 g - 2 potions of heal wounds {unknown}
 h - a potion of brilliance {unknown}


   Skills:
 + Level 1.1 Fighting
 + Level 1.3 Short Blades
 + Level 2.7 Dodging
 + Level 3.2 Stealth
 + Level 2.6 Spellcasting
 + Level 4.2 Summonings


You had 4 spell levels left.
You knew the following spells:

 Your Spells              Type           Power      Damage    Failure   Level
a - Summon Small Mammal   Summ           64%        N/A       3%          1
b - Call Imp              Summ           16%        N/A       4%          2

Your spell library contained the following spells:

 Spells                   Type           Power      Damage    Failure   Level
 Call Canine Familiar     Summ           16%        N/A       10%         3
 Summon Guardian Golem    Hex/Summ       9%         N/A       22%         3
 Summon Lightning Spire   Summ/Air       9%         N/A       58%         4


Dungeon Overview and Level Annotations

Branches:
Dungeon (2/15)

Altars:


Innate Abilities, Weirdness & Mutations

You are small and have problems with some larger weapons.
You are completely attuned to the shadows.


Message History

You barely miss the orc.
The orc is almost dead.
The orc hits your iron imp with a +0 hand axe.
Your iron imp dies!
The orc closely misses you.
Your white imp gestures at the orc.
The puff of frost hits the orc!
The orc dies!
The bat misses you.
Items here: )) ? [ ††.
What are your orders? t - Shout!
Orders for allies: a - Attack new target. r - Retreat! s - Stop attacking. g - Guard the area. f - Follow me.
Anything else - Cancel.
Gang up on whom?
Press: ? - help, Dir - move target, f - orc priest
Aim: an orc priest, wielding a +0 dagger Attack!
The bat closely misses you.
Your white imp hits the orc.
Your white imp freezes the orc.
The orc dies!
The bat hits your white imp but does no damage.
Your white imp closely misses the orc priest.
A goblin comes into view. It is wielding a +0 dagger.
The bat barely misses your white imp.
The orc priest hits you but does no damage.
Your white imp closely misses the orc priest.
Items here: )) ? [ ††.
You closely miss the orc priest. The bat closely misses you.
The orc priest hits you with a +0 dagger.
Your white imp completely misses the orc priest.
The orc priest closely misses you.
You hit the orc priest but do no damage.
The bat closely misses your white imp.
Your white imp hits the orc priest.
Your white imp freezes the orc priest.
The orc priest mumbles some strange prayers to Beogh against you.
Beogh smites you!
Ouch! That really hurt!
You die...

#....####.#####
#....# #.#
#..).#....# #.#
#....#....# #.#
#....#....# #.#
#...)#....#
#.b..'....#
######o#.b.##
.....@5.....#
######.####.#
#... .# ###.#
.#


You could see an orc priest (ally target), a bat and a friendly white imp
(summoned).

Vanquished Creatures
  A dart slug (D:2)
  An orc (D:2)
  2 endoplasms
  2 hobgoblins (D:1)
  4 ball pythons
  5 bats
  A frilled lizard (D:1)
  2 rats (D:2)
18 creatures vanquished.

Vanquished Creatures (collateral kills)
  2 dart slugs (D:1)
  3 orcs (D:2)
  3 endoplasms (D:1)
  3 goblins
  5 hobgoblins (D:1)
  A quokka (D:1)
  2 bats
  A frilled lizard (D:1)
  2 kobolds (D:1)
  A rat (D:1)
23 creatures vanquished.

Vanquished Creatures (others)
  6 plants (D:1)
6 creatures vanquished.

Grand Total: 47 creatures vanquished

Notes
Turn   | Place    | Note
-------+----------+-------------------------------------------
     0 | D:1      | bilbop the Kobold Summoner began the quest for the Orb.
     0 | D:1      | Reached XP level 1. HP: 10/10 MP: 3/3
    70 | D:1      | Found a faded altar of an unknown god.
   361 | D:1      | Reached XP level 2. HP: 8/15 MP: 1/5
   766 | D:1      | Reached XP level 3. HP: 16/20 MP: 2/6
   770 | D:1      | Reached skill level 1 in Short Blades
  1585 | D:2      | Learned a level 2 spell: Call Imp
  1692 | D:2      | Reached skill level 1 in Fighting
  1842 | D:2      | Killed from afar by an orc priest

Illustrated notes

Levels and vault maps discovered:
D:1:      eino_arrival_water_cross, layout_loops_cross, basic_ecumenical_altar
D:2:      layout_basic

Skill      XL: |  1  2  3 |
---------------+----------+-----
Stealth        | 3 |  3.2
Short Blades   | 1 |  1.3
Fighting       | 1 |  1.1
Dodging        | |  2.7
Spellcasting   | |  2.6
Summonings     | |  4.2

Action                   || total
-------------------------++-------
Melee: Short sword       ||    68
       Unarmed           ||     2
 Cast: Summon Small Mamm ||    48
       Call Imp          ||     2
 Stab: Sleeping          ||     9
Armor: Robe              ||    16
Dodge: Dodged            ||    85

Table legend: (Time is in decaauts)
 A = Elapsed time spent in this place.
 B = Non-inter-level travel time spent in this place.
 C = Inter-level travel time spent in this place.
 D = Time resting spent in this place.
 E = Time spent auto-exploring this place.
 F = Levels seen in this place.
 G = Mean time per level.
                   A        B        C        D        E       F      G
               +--------+--------+--------+--------+--------+-----+--------+
         Total |   1847 |   1823 |     24 |     85 |   1322 |   2 |  923.5 |
       Dungeon |   1847 |   1823 |     24 |     85 |   1322 |   2 |  923.5 |
               +--------+--------+--------+--------+--------+-----+--------+

Top non-repeatable levels by time:
     D:1: 1554 daAuts
     D:2: 293 daAuts
